 Dungeon Crawl Stone Soup version 0.22.0-18-ge075c0d (webtiles) character file.

291 sw3dish the Skirmisher (level 6, -9/49 HPs)
             Began as a Demonspawn Abyssal Knight on Aug 17, 2018.
             Was a Believer of Lugonu.
             Splashed by an orc's acid (13 damage)
             ... on level 4 of the Dungeon on Aug 18, 2018.
             The game lasted 00:06:11 (3617 turns).

sw3dish the Skirmisher (Demonspawn Abyssal Knight)  Turns: 3617, Time: 00:06:12

Health: -9/49      AC: -1    Str: 13    XL:     6   Next: 10%
Magic:  7/7        EV: 10    Int: 13    God:    Lugonu [**....]
Gold:   125        SH:  0    Dex: 14    Spells: 5/5 levels left

rFire    + . .     SeeInvis .   a - +1 hand axe
rCold    . . .     Gourm    .   (no shield)
rNeg     . . .     Faith    .   n - +0 scale mail
rPois    .         Spirit   .   (helmet restricted)
rElec    .         Reflect  .   (no cloak)
rCorr    .         Harm     .   (no gloves)
MR       .....                  (no boots)
Stlth    ..........             (no amulet)
HPRegen  0.16/turn              (no ring)
MPRegen  0.10/turn              (no ring)

@: corroded
A: horns 2, fire resistance 1
a: Depart the Abyss, Bend Space, Renounce Religion


You were on level 4 of the Dungeon.
You worshipped Lugonu.
Lugonu was pleased with you.
You were not hungry.

You visited 1 branch of the dungeon, and saw 4 of its levels.
You visited the Abyss 1 time.

You collected 125 gold pieces.

Inventory:

Hand Weapons
 a - a +1 hand axe (weapon)
Armour
 n - a +0 scale mail (worn)
Jewellery
 r - an uncursed ring of wizardry {unknown}
Scrolls
 d - a scroll of random uselessness {unknown}
 e - a scroll of enchant armour {unknown}
 f - a scroll of fear {unknown}
 h - a scroll of amnesia {unknown}
 i - 2 scrolls of remove curse {unknown}
 k - 4 scrolls of identify {unknown}
 l - 2 scrolls of enchant weapon {unknown}
 o - 2 scrolls of teleportation {unknown}
 p - a scroll of magic mapping {unknown}
Potions
 b - a potion of brilliance {unknown}
 g - a potion of degeneration {unknown}
 j - a potion of heal wounds {unknown}
 m - 2 potions of resistance {unknown}
Comestibles
 c - 4 rations
 q - 10 chunks of flesh


   Skills:
 * Level 4.5 Fighting
 * Level 3.7 Axes
 + Level 2.7 Armour
 + Level 2.3 Dodging
 - Level 2.4 Invocations


You had 5 spell levels left.
You didn't know any spells.
Your spell library was empty.

Dungeon Overview and Level Annotations

Branches:
Dungeon (4/15)
 Temple: D:4-7

Altars:
Elyvilon
Wu Jian


Innate Abilities, Weirdness & Mutations

You have a pair of horns on your head.
Your flesh is heat resistant. (rF+)


Message History

You are too injured to fight recklessly!
You are too injured to fight recklessly!
You are too injured to fight recklessly!
You hit the orc wizard but do no damage.
The orc wizard is heavily wounded.
The orc wizard hits you with a dagger.
* * * LOW HITPOINT WARNING * * *
You hit the orc wizard but do no damage.
The orc wizard is heavily wounded.
You closely miss the orc.
The orc wizard hits you but does no damage.
The orc hits you with a whip.
* * * LOW HITPOINT WARNING * * *
You barely miss the orc wizard. Your headbutt misses the orc wizard.
The orc wizard is heavily wounded.
You closely miss the orc. The orc wizard barely misses you.
The orc zaps a wand.
The bolt of acid hits you!
* * * LOW HITPOINT WARNING * * *
The acid corrodes you!
You are splashed with acid!
The acid burns!
You die...

#..##### ...###...[...
.........#### .######..####
# #..[..# .# #..##.#
#########..######.###.#
#.....oo...##.........#
#.@##.# #.###.####< #..# ..
#.......##. ########..#
#.##.......##. ..........#
#..#.......##. .####P..###
#.#.......##. # #...#
#.........##. #.
#..########..###.####.
#..#+##P.##..............
#.
.........##...)....###.##.#


You could see an orc wizard and an orc.

Vanquished Creatures
  An ogre (D:4)
  A hound (D:4)
  An orc wizard (D:4)
  5 adders
  A worm (D:2)
  3 dart slugs
  6 orcs
  A ball python (D:3)
  11 bats
  2 giant cockroaches
  7 goblins
  9 hobgoblins
  12 jackals
  2 quokkas
  2 frilled lizards
  9 kobolds
  13 rats
86 creatures vanquished.

Vanquished Creatures (others)
  An orc (D:4)
1 creature vanquished.

Grand Total: 87 creatures vanquished

Notes
Turn   | Place    | Note
-------+----------+-------------------------------------------
     0 | Abyss:1  | sw3dish the Demonspawn Abyssal Knight began the quest for the Orb.
     0 | Abyss:1  | Reached XP level 1. HP: 18/18 MP: 2/2
    39 | Abyss:1  | Noticed a small abomination
    47 | D:1      | Escaped the Abyss
   102 | D:1      | Reached skill level 1 in Dodging
   257 | D:1      | Reached * piety under Lugonu
   454 | D:1      | Gained mutation: You have a pair of small horns on your head. [demonic ancestry]
   454 | D:1      | Reached XP level 2. HP: 23/24 MP: 3/3
   861 | D:1      | Upgraded the game from 0.22.0-13-g43fe8f2 to 0.22.0-18-ge075c0d
  1247 | D:2      | Gained mutation: You have a pair of horns on your head. [demonic ancestry]
  1247 | D:2      | Reached XP level 3. HP: 24/29 MP: 4/4
  1797 | D:2      | Found a white marble altar of Elyvilon.
  1901 | D:2      | Gained mutation: Your flesh is heat resistant. (rF+) [demonic ancestry]
  1901 | D:2      | Reached XP level 4. HP: 37/37 MP: 5/5
  2610 | D:3      | Reached ** piety under Lugonu
  3020 | D:3      | Found an ornate altar of the Wu Jian Council.
  3026 | D:3      | Reached skill level 4 in Fighting
  3317 | D:4      | Reached XP level 5. HP: 42/42 MP: 6/6
  3576 | D:4      | Noticed an ogre
  3586 | D:4      | Killed an ogre
  3586 | D:4      | Reached XP level 6. HP: 48/49 MP: 5/7
  3617 | D:4      | Splashed by an orc's acid

Skill      XL: |  1  2  3  4  5 |
---------------+----------------+-----
Dodging        | 1 2 |  2.3
Axes           | 2 3 |  3.7
Armour         | 2 |  2.7
Fighting       | 4 |  4.5
Invocations    | |  2.4

Action                   |  1- 3 |  4- 6 || total
-------------------------+-------+-------++-------
Melee: Hand axe          |   101 |   150 ||   251
       Headbutt          |     8 |    18 ||    26
Invok: Depart the Abyss  |     1 |       ||     1
       Bend Space        |       |     1 ||     1
  Eat: Chunk             |     3 |     6 ||     9
Armor: Leather armour    |    53 |    10 ||    63
       Scale mail        |       |    55 ||    55
Dodge: Dodged            |    71 |    83 ||   154
